 Dungeon Crawl Stone Soup version 0.18.1-48-g4cf74bf (webtiles) character file.

856 nuthulu the Shield-Bearer (level 8, -8/46 HPs)
             Began as a Gargoyle Fighter on Sept 8, 2016.
             Mangled by an ice beast (10 damage)
             ... on level 4 of the Dungeon.
             The game lasted 00:08:42 (3985 turns).

nuthulu the Shield-Bearer (Gargoyle Fighter)        Turns: 3985, Time: 00:08:43

Health: -8/46      AC: 14    Str: 21    XL:     8   Next: 2%
Magic:  8/8        EV:  8    Int:  8    God:
Gold:   230        SH: 12    Dex: 11    Spells: 0 memorised, 7 levels left

rFire  . . .     SeeInvis +     a - +0 flail
rCold  . . .     Gourm    .     b - +0 scale mail
rNeg   + . .     Faith    .     c - +1 shield
rPois  ∞         Spirit   .     n - +1 helmet
rElec  +         Dismiss  .     (no cloak)
rCorr  .         Reflect  .     (no gloves)
SustAt .         Harm     .     (no boots)
MR     +....                    (no amulet)
Stlth  ..........               (no ring)
                                j - ring of protection from magic

@: somewhat resistant to hostile enchantments, extremely unstealthy
A: see invisible, negative energy resistance 1, electricity resistance, slow
regeneration 1, unbreathing, petrification resistance, rot immunity, subdued
magic 1, AC +5
a: no special abilities


You were on level 4 of the Dungeon.
You were not hungry.

You visited 2 branches of the dungeon, and saw 6 of its levels.

You collected 230 gold pieces.

Inventory:

Hand Weapons
 a - a +0 flail (weapon)
Armour
 b - a +0 scale mail (worn)
 c - a +1 shield (worn)
 n - a +1 helmet (worn)
Jewellery
 j - a ring of protection from magic (left hand)
 o - an uncursed ring of protection from cold {unknown}
 p - an uncursed amulet of faith {unknown}
Wands
 g - a wand of flame (17/48)
Potions
 d - a potion of curing
 e - 3 potions of flight
 l - a potion of lignification {unknown}
 m - a potion of might
 s - 2 potions of haste
Comestibles
 f - 2 bread rations
 h - 5 fruits
 i - a meat ration
 k - a slice of pizza


   Skills:
 - Level 3.2 Fighting
 * Level 6.0 Maces & Flails
 - Level 3.2 Armour
 + Level 7.9 Shields


You had 7 spell levels left.
You didn't know any spells.

Dungeon Overview and Level Annotations

Branches:
Dungeon (5/15)             Temple (1/1) D:4

Altars:
Dithmenos
Elyvilon
Kikubaaqudgha
Makhleb
Nemelex Xobeh
Pakellas
Qazlal
Ru
Trog
Xom
Yredelemnul

Annotations:
D:5 Menkaure


Innate Abilities, Weirdness & Mutations

You are resistant to torment.
Your stone body is resilient (AC +5).
You are immune to poison.
You resist negative energy.
You are resistant to electric shocks.
You can survive without breathing.
You are immune to petrification.
You are immune to rotting.
You have supernaturally acute eyesight.
You regenerate slowly when monsters are visible.
Your spells are a little easier to cast, but a little less powerful.


Message History

The ice beast freezes you!
* * * LOW HITPOINT WARNING * * *
You barely miss the ice beast.
The ice beast is heavily wounded.
You block the ice beast's attack.
You thump the ice beast!
The ice beast is almost dead.
The ice beast barely misses you.
You closely miss the ice beast.
The ice beast is severely wounded.
The ice beast hits you but does no damage.
You barely miss the ice beast.
The ice beast is severely wounded.
The ice beast hits you but does no damage.
Your scale mail prevents you from hitting the ice beast.
The ice beast is severely wounded.
The ice beast hits you.
* * * LOW HITPOINT WARNING * * *
The ice beast freezes you!
You die...

### ##..###.# ####.# #.#
#.......###...## #.##
##......#....## #..#
##........### ##.## ##......##
##..##### ##....## ##.......#####
##.### #...........Y######.#
####...........@>..##..#
#...................#.##
####'................#.#
#...#..................#
#...#.................####
....#....................####
_.###.......................###
....#.........#.8.#...........###
#...#............................


You could see an ice beast.

Vanquished Creatures
  Pikel (D:3)
  2 howler monkeys (D:4)
  2 hounds (D:4)
  An orc priest (D:4)
  Terence (D:3)
  Jessica (D:3)
  An orc wizard (D:4)
  Robin (D:3)
  6 adders
  2 oozes
  An adder skeleton (D:4)
  3 worms
  3 dart slugs
  A giant gecko (D:2)
  8 orcs
  6 bats
  2 giant cockroaches
  10 hobgoblins
  A quokka (D:2)
  2 ball pythons (D:4)
  5 giant newts
  17 goblins
  6 kobolds
  A quokka skeleton (D:4)
  6 rats
90 creatures vanquished.

Vanquished Creatures (others)
  A cyclops (D:3)
  A worker ant (D:4)
2 creatures vanquished.

Grand Total: 92 creatures vanquished

Notes
Turn   | Place    | Note
--------------------------------------------------------------
     0 | D:1      | nuthulu the Gargoyle Fighter began the quest for the Orb.
     0 | D:1      | Reached XP level 1. HP: 14/14 MP: 1/1
   159 | D:1      | Reached XP level 2. HP: 11/19 MP: 2/2
   536 | D:2      | Reached skill level 4 in Shields
   604 | D:2      | Found a stormy altar of Qazlal.
   633 | D:2      | Noticed Terence
   675 | D:2      | Reached XP level 3. HP: 23/23 MP: 3/3
  1526 | D:3      | Noticed Robin
  1539 | D:3      | Reached XP level 4. HP: 28/28 MP: 4/4
  1562 | D:3      | Killed Robin
  1765 | D:3      | Killed Terence
  1765 | D:3      | Reached skill level 5 in Shields
  1830 | D:3      | Reached XP level 5. HP: 32/32 MP: 5/5
  1969 | D:3      | Found an oddly glowing altar of Pakellas.
  1970 | D:3      | Noticed a cyclops
  1974 | D:3      | Killed a cyclops
  2167 | D:3      | Noticed Jessica
  2184 | D:3      | Killed Jessica
  2557 | D:4      | Noticed Pikel
  2557 | D:4      | Noticed a slave
  2557 | D:4      | Noticed a slave
  2557 | D:4      | Noticed a slave
  2557 | D:4      | Noticed a slave
  2567 | D:3      | Killed Pikel
  2567 | D:3      | Reached skill level 5 in Maces & Flails
  2567 | D:3      | Reached skill level 7 in Shields
  2567 | D:3      | Reached XP level 6. HP: 25/37 MP: 6/6
  2567 | D:3      | Reached XP level 7. HP: 28/41 MP: 7/7
  2629 | D:4      | Gained mutation: You regenerate slowly when monsters are visible. [potion of mutation]
  2629 | D:4      | Gained mutation: You are weak. (Str -2) [potion of mutation]
  2814 | D:4      | Gained mutation: Your spells are a little easier to cast, but a little less powerful. [potion of mutation]
  2814 | D:4      | Lost mutation: You are weak. (Str -2) [potion of mutation]
  2814 | D:4      | Gained mutation: You have supernaturally acute eyesight. [potion of mutation]
  3042 | D:4      | Found a staircase to the Ecumenical Temple.
  3051 | Temple   | Entered the Ecumenical Temple
  3204 | D:4      | Found a sacrificial altar of Ru.
  3805 | D:4      | Reached XP level 8. HP: 46/46 MP: 8/8
  3962 | D:5      | Entered Level 5 of the Dungeon
  3962 | D:5      | Noticed Menkaure
  3985 | D:4      | HP: 2/46 [ice beast (3)]
  3985 | D:4      | Mangled by an ice beast

Skill      XL: |  1  2  3  4  5  6  7 |
---------------+----------------------+-----
Shields        | 4 5 7 |  7.9
Maces & Flails | 3 5 6 |  6.0
Fighting       | |  3.2
Armour         | |  3.2

Action                   |  1- 3 |  4- 6 |  7- 9 || total
-------------------------+-------+-------+-------++-------
Melee: Flail             |   161 |   132 |   165 ||   458
  Use: Potion            |     4 |     2 |     2 ||     8
       Scroll            |     6 |     1 |     2 ||     9
 Stab: Paralysed         |       |       |     1 ||     1
  Eat: Chunk             |     2 |     4 |     5 ||    11
Armor: Scale mail        |    88 |    92 |   109 ||   289
Dodge: Dodged            |    53 |    58 |    76 ||   187
Block: Shield            |    99 |   125 |   155 ||   379
